 Dungeon Crawl Stone Soup version 0.22.1-1-ga44c0e5 (webtiles) character file.

23 BryzzWind the Magician (level 2, 0/14 HPs)
             Began as a Spriggan Wizard on Sept 24, 2018.
             Slain by a jackal (1 damage)
             ... on level 2 of the Dungeon.
             The game lasted 00:02:22 (1180 turns).

BryzzWind the Magician (Spriggan Wizard)            Turns: 1180, Time: 00:02:22

Health: 0/14       AC:  2    Str:  3    XL:     2   Next: 72%
Magic:  3/8        EV: 18    Int: 19    God:
Gold:   93         SH:  0    Dex: 14    Spells: 4/9 levels left

rFire    . . .     SeeInvis +   g - +0 short sword
rCold    . . .     Gourm    .   (shield restricted)
rNeg     . . .     Faith    .   a - +0 robe
rPois    .         Spirit   .   b - +0 hat
rElec    .         Reflect  .   (no cloak)
rCorr    .         Harm     .   (gloves unavailable)
MR       .....                  (boots unavailable)
Stlth    ++........             (no amulet)
HPRegen  0.04/turn              (no ring)
MPRegen  0.11/turn              (no ring)

@: very quick
A: very small, unfitting armour, see invisible, herbivore, speed 3, slow
metabolism 2
a: no special abilities


You were on level 2 of the Dungeon.
You were not hungry.

You visited 1 branch of the dungeon, and saw 2 of its levels.

You collected 93 gold pieces.

Inventory:

Hand Weapons
 e - a +0 club
 g - a +0 short sword (weapon)
Missiles
 h - 30 arrows
 m - 41 stones (quivered)
Armour
 a - a +0 robe (worn)
 b - a +0 hat (worn)
Scrolls
 f - a scroll of teleportation {unknown}
 j - a scroll of amnesia {unknown}
 k - a scroll of magic mapping {unknown}
 l - a scroll of remove curse {unknown}
Potions
 c - a potion of might {unknown}
 i - a potion of brilliance {unknown}
Comestibles
 d - 5 rations


   Skills:
 + Level 0.7 Fighting
 + Level 3.4 Dodging
 - Level 3.0 Stealth
 + Level 4.2 Spellcasting
 + Level 1.1 Conjurations
 + Level 0.9 Summonings
 + Level 1.7 Translocations


You had 4 spell levels left.
You knew the following spells:

 Your Spells              Type           Power        Failure   Level  Hunger
a - Magic Dart            Conj           #...         9%          1    None
b - Call Imp              Summ           #.......     14%         2    #......
c - Blink                 Tloc           N/A          10%         2    #......

Your spell library contained the following spells:

 Spells                   Type           Power        Failure   Level  Hunger
 Slow                     Hex            #.......     21%         2    #......
 Conjure Flame            Conj/Fire      #.......     32%         3    ###....
 Mephitic Cloud           Conj/Pois/Air  #.......     34%         3    ###....


Dungeon Overview and Level Annotations

Branches:
Dungeon (2/15)

Altars:


Innate Abilities, Weirdness & Mutations

You are very small and have problems with some larger weapons.
You are too small for most types of armour.
You have supernaturally acute eyesight. (SInv)
You are a herbivore.
You cover ground extremely quickly.
You need to consume almost no food.


Message History

The bat completely misses you. The bat hits you but does no damage.
The bat misses you. The bat completely misses you.
You closely miss the bat. The bat closely misses you.
The bat hits you but does no damage. The bat closely misses you.
You hit the bat but do no damage. The bat hits you but does no damage.
The bat misses you.
You barely miss the bat. The bat misses you.
You hit the bat.
The bat is moderately wounded.
The bat completely misses you. The bat closely misses you.
The bat completely misses you.
You hit the bat.
The bat is severely wounded.
The bat hits you.
* * * LOW HITPOINT WARNING * * *
The jackal bites you.
You die...

..########### ...
....)......<+ ....
........##### # #.#.
###.#.#.##
####.#.#####...#..#
.....#...?###..#b.#
#.##.##...#....#..##
#......)#.#.#..h@..#
..#............###.#
......###........#.#
......###...#..###.#
..#†.<.........# #.#
#.............## #..
..............# ##.
....††...#....# .
..##.....#..###


You could see a jackal and a bat.

Vanquished Creatures
  A leopard gecko (D:1)
  4 ball pythons
  3 bats
  2 goblins
  A hobgoblin (D:1)
  A jackal (D:2)
  4 kobolds
  A frilled lizard (D:1)
  3 rats
20 creatures vanquished.

Notes
Turn   | Place    | Note
-------+----------+-------------------------------------------
     0 | D:1      | BryzzWind the Spriggan Wizard began the quest for the Orb.
     0 | D:1      | Reached XP level 1. HP: 9/9 MP: 6/6
   611 | D:1      | Reached XP level 2. HP: 14/14 MP: 8/8
   615 | D:1      | Learned a level 2 spell: Call Imp
   618 | D:1      | Learned a level 2 spell: Blink
   685 | D:1      | Reached skill level 1 in Conjurations
  1180 | D:2      | Slain by a jackal

Skill      XL: |  1  2 |
---------------+-------+-----
Conjurations   | 1 |  1.1
Fighting       | |  0.7
Dodging        | |  3.4
Stealth        | |  3.0
Spellcasting   | |  4.2
Summonings     | |  0.9
Translocations | |  1.7

Action                   || total
-------------------------++-------
Melee: Club              ||    17
       Short sword       ||    20
 Cast: Magic Dart        ||    38
       Call Imp          ||     1
 Stab: Sleeping          ||     2
Armor: Robe              ||     9
Dodge: Dodged            ||    54
